[Event "Titled Tuesday Blitz January 03 Late 2023"]
[White "Karas, Marek"]
[Black "Rosen, Eric"]
[WhiteFideId "14928558"]
[BlackFideId "2032562"]
[WhiteElo "2227"]
[BlackElo "2349"]
[Result "0-1"]
[Round "08"]
[TimeControl "180+2"]
[Date "2023.01.03"]
[WhiteClock "0:00:01"]
[BlackClock "0:00:11"]

1. d4 d5 2. c4 e6 3. Nf3 Nf6 4. Nc3 a6 5. cxd5 exd5 6. Bg5 Be7 7. e3 O-O 8. Bd3 Re8 9. O-O Nbd7 10. h3 Nf8 11. Bf4 Ng6 12. Bh2 Bd6 13. Bxd6 Qxd6 14. Qc2 Bd7 15. Bf5 Bxf5 16. Qxf5 Rad8 17. Rac1 Ne7 18. Qd3 Nc8 19. Ne5 Nd7 20. Nxd7 Qxd7 21. Ne2 Nd6 22. Ng3 g6 23. Rc2 c6 24. Rfc1 h5 25. Qd1 Qe6 26. Qf3 Kg7 27. Ne2 Ne4 28. Nf4 Qf5 29. Nd3 Qxf3 30. gxf3 Nd6 31. Nc5 Re7 32. b3 Nf5 33. f4 Nd6 34. Kg2 Rde8 35. Nd3 f6 36. a4 Kf7 37. Nc5 Rg8 38. Rg1 g5 39. fxg5 fxg5 40. Nd3 Kf6 41. Ne5 Reg7 42. f3 Kf5 43. Kf2 Nf7 44. Nxf7 Rxf7 45. b4 Rgf8 46. Rf1 g4 47. hxg4+ hxg4 48. Ke1 gxf3 49. Rxf3+ Ke4 50. Rxf7 Rxf7 51. b5 cxb5 52. axb5 Kxe3 53. b6 Rf6 54. Rb2 Kd3 0-1


[Site "https://www.chess.com"]

[Event "Titled Tuesday Blitz January 03 Late 2023"]
[White "benny_aizenberg"]
[Black "Sargsyan, Anna M."]
[BlackFideId "13308130"]
[WhiteElo "2507"]
[BlackElo "2375"]
[Result "1-0"]
[Round "08"]
[TimeControl "180+2"]
[Date "2023.01.03"]
[WhiteClock "0:00:02"]
[BlackClock "0:00:05"]

1. e4 c6 2. Nf3 d5 3. Nc3 Bg4 4. h3 Bxf3 5. Qxf3 Nf6 6. d3 e6 7. Be2 Bb4 8. e5 Nfd7 9. Qg4 Bxc3+ 10. bxc3 g6 11. Ba3 c5 12. O-O Nc6 13. d4 Qa5 14. Bb2 h5 15. Qf4 Qa4 16. c4 Qxc2 17. cxd5 Nd8 18. Bb5 Qxb2 19. Rab1 Qc2 20. dxe6 fxe6 21. d5 Qf5 22. Qg3 a6 23. Bd3 Qxe5 24. Qxg6+ Ke7 25. Rxb7 Nxb7 26. dxe6 Qxe6 27. Qg7+ Kd6 28. Rd1 Kc6 29. Bc4 Qxc4 30. Qxd7+ Kb6 31. Rb1+ Qb5 32. Rxb5+ axb5 33. Qe6+ Ka7 34. Qc6 Rac8 35. Qxb5 c4 36. Qa4+ Kb8 37. Qc2 c3 38. a4 Rhd8 39. Kh2 Rd2 40. Qc1 Rxf2 41. Kg3 Rd2 42. a5 Rg8+ 43. Kf3 Rf8+ 44. Kg3 Rg8+ 45. Kh4 Rdxg2 46. Qxc3 R2g7 47. a6 Rc7 48. Qb3 Rd8 49. axb7 Rxb7 50. Qg3+ Kc8 51. Qc3+ Rc7 52. Qb4 Rdd7 53. Kxh5 Rh7+ 54. Kg6 Rcg7+ 55. Kf6 Rb7 56. Qf8+ Kc7 57. Kg6 Kb6 58. h4 Rhc7 59. Qf2+ Ka6 60. Qa2+ Kb6 61. Qf2+ Ka6 62. Qe2+ Kb6 63. Qe3+ Ka6 64. Qd3+ Kb6 65. Qd4+ Ka6 66. Qa4+ Kb6 67. Qb4+ Ka6 68. Qa3+ Kb6 69. h5 Rc6+ 70. Kg5 Rd7 71. Qb3+ Kc7 72. h6 Rd5+ 73. Qxd5 1-0


[Site "https://www.chess.com"]

[Event "Titled Tuesday Blitz January 03 Late 2023"]
[White "Karthik, Advaith"]
[Black "Martynov, Pavel"]
[WhiteFideId "30946050"]
[BlackFideId "4101260"]
[WhiteElo "2075"]
[BlackElo "2414"]
[Result "0-1"]
[Round "08"]
[TimeControl "180+2"]
[Date "2023.01.03"]
[WhiteClock "0:00:28"]
[BlackClock "0:01:05"]

1. d4 d5 2. c4 e6 3. Nc3 c5 4. cxd5 exd5 5. Nf3 Nc6 6. Bg5 Be7 7. Bxe7 Ngxe7 8. e3 c4 9. e4 Be6 10. exd5 Nxd5 11. Rc1 O-O 12. Bxc4 Nxc3 13. Rxc3 Bxc4 14. Rxc4 Qa5+ 15. Qd2 Rfe8+ 16. Kf1 Qa6 17. Qd3 Nb4 18. Qb3 Rac8 19. Nd2 Qe6 20. g3 Qe2+ 21. Kg2 Nd3 22. Rxc8 Rxc8 23. Qxb7 Qxf2+ 24. Kh3 Rf8 25. Ne4 Qf3 26. Nf6+ Qxf6 27. Kg2 Qf2+ 0-1


[Site "https://www.chess.com"]

[Event "Titled Tuesday Blitz January 03 Late 2023"]
[White "Denishev, Marat"]
[Black "Ansh M Shah"]
[WhiteFideId "24131563"]
[BlackFideId "25033379"]
[WhiteElo "2255"]
[BlackElo "2171"]
[Result "1/2-1/2"]
[Round "08"]
[TimeControl "180+2"]
[Date "2023.01.03"]
[WhiteClock "0:00:02"]
[BlackClock "0:00:17"]

1. e4 c6 2. d4 d5 3. f3 dxe4 4. fxe4 e5 5. Nf3 Bg4 6. Bc4 Nd7 7. O-O Ngf6 8. c3 Bd6 9. Bg5 O-O 10. Nbd2 Qc7 11. h3 Bh5 12. Qe1 Bg6 13. Nh4 Rae8 14. Nxg6 hxg6 15. Qh4 Qb6 16. Rxf6 Nxf6 17. Bxf6 gxf6 18. Qxf6 Kh7 19. Qxd6 Qxb2 20. Rd1 exd4 21. Nf3 Qxc3 22. Ng5+ Kg7 23. Bxf7 Qe3+ 24. Kh1 Qxg5 25. Bxe8 Rxe8 26. Qxd4+ Qe5 27. Qxe5+ Rxe5 28. Rd7+ Kh6 29. Rxb7 Rxe4 30. Rxa7 c5 31. Kh2 c4 32. Rc7 Re2 33. a4 Rc2 34. a5 Ra2 35. Rxc4 Rxa5 36. g4 Ra3 37. h4 Rb3 38. Rf4 Ra3 39. Kg2 Kg7 40. Rf3 Ra2+ 41. Kg3 Ra4 42. Rd3 Rb4 43. Rd7+ Kf6 44. Rd6+ Kf7 45. Kf3 Kg7 46. Rc6 Ra4 47. Re6 Rb4 48. Re4 Rb1 49. Kf4 Rf1+ 50. Kg5 Rf7 51. Re6 Ra7 52. Rxg6+ Kh7 53. Rf6 Kg7 54. h5 Ra5+ 55. Rf5 Ra4 56. h6+ Kh7 57. Rf7+ Kg8 58. Rc7 Ra6 59. Kh5 Rb6 60. g5 Rb5 61. h7+ Kh8 62. Rd7 Rxg5+ 63. Kh6 Rg6+ 64. Kxg6 1/2-1/2


[Site "https://www.chess.com"]

[Event "Titled Tuesday Blitz January 03 Late 2023"]
[White "Karttunen, Mika"]
[Black "Vega Gutierrez, Sabrina"]
[WhiteFideId "502081"]
[BlackFideId "2219026"]
[WhiteElo "2490"]
[BlackElo "2377"]
[Result "1-0"]
[Round "08"]
[TimeControl "180+2"]
[Date "2023.01.03"]
[WhiteClock "0:00:05"]
[BlackClock "0:00:02"]

1. e4 c5 2. Nf3 e6 3. d4 cxd4 4. Nxd4 Nf6 5. Nc3 d6 6. g4 h6 7. Rg1 Nc6 8. h4 d5 9. exd5 Nxd5 10. g5 Nxc3 11. bxc3 Nxd4 12. Qxd4 Qxd4 13. cxd4 hxg5 14. hxg5 Bd7 15. g6 f6 16. Bc4 Rc8 17. Bb3 Rh4 18. Bb2 Bb4+ 19. Ke2 Bc3 20. Bxc3 Rxc3 21. Rad1 Re4+ 22. Kd2 Rf3 23. Kc1 a5 24. Rh1 a4 25. Bc4 Rxf2 26. Rh7 Kf8 27. Rh8+ Ke7 28. Rg8 Kd6 29. Rxg7 Rg4 30. Rg8 Rgg2 31. Bd3 f5 32. g7 Rg3 33. Rh1 Rfg2 34. Rh7 a3 35. Kd1 Bc6 36. Rd8+ 1-0


[Site "https://www.chess.com"]

[Event "Titled Tuesday Blitz January 03 Late 2023"]
[White "Leenhouts, Koen"]
[Black "Donskov, Anatoly"]
[WhiteFideId "1008439"]
[BlackFideId "24143413"]
[WhiteElo "2447"]
[BlackElo "2279"]
[Result "1/2-1/2"]
[Round "08"]
[TimeControl "180+2"]
[Date "2023.01.03"]
[WhiteClock "0:00:17"]
[BlackClock "0:01:06"]

1. e4 c5 2. Nf3 Nc6 3. c3 Nf6 4. e5 Nd5 5. d4 cxd4 6. cxd4 e6 7. Nc3 d6 8. Bc4 Nxc3 9. bxc3 dxe5 10. O-O Be7 11. dxe5 Qxd1 12. Rxd1 O-O 13. a4 b6 14. Bb5 Na5 15. Be3 Bb7 16. Rd7 Bxf3 17. gxf3 Bc5 18. Bxc5 bxc5 19. Rad1 g5 20. Rc7 Rfc8 21. Rdd7 Rxc7 22. Rxc7 Nb3 23. Bc6 Rd8 24. Rxa7 Rd1+ 25. Kg2 Ra1 26. Be8 Nc1 27. Bxf7+ Kf8 28. Bxe6 Nd3 29. Rf7+ Ke8 30. Bc4 Nxe5 31. Rf5 Nxc4 32. Rxc5 Rxa4 33. Rxg5 Kf7 34. Rg4 Nb6 35. Rxa4 Nxa4 36. c4 Nb6 37. c5 Na4 38. c6 Ke6 39. Kg3 Kd6 40. Kf4 Kxc6 41. Kg5 Kd6 42. Kh6 Ke6 43. Kxh7 Kf7 44. Kh6 Nc5 45. Kg5 Nd3 46. h4 Nxf2 47. h5 Nd3 48. Kf5 Ne1 49. f4 Ng2 50. Kg5 Nxf4 51. Kxf4 Kg7 52. Kg4 Kh7 53. Kh4 Kg7 54. Kg5 Kh7 55. h6 Kh8 56. Kg6 Kg8 57. h7+ Kh8 58. Kh6 1/2-1/2


[Site "https://www.chess.com"]

[Event "Titled Tuesday Blitz January 03 Late 2023"]
[White "Poliakova, Varvara"]
[Black "Kalajzic, Ivan"]
[WhiteFideId "13518313"]
[BlackFideId "14506378"]
[WhiteElo "2010"]
[BlackElo "2062"]
[Result "1-0"]
[Round "08"]
[TimeControl "180+2"]
[Date "2023.01.03"]
[WhiteClock "0:01:53"]
[BlackClock "0:00:20"]

1. e4 Nc6 2. f4 d5 3. e5 Bf5 4. d3 e6 5. Nf3 Bc5 6. d4 Bb6 7. c3 h5 8. Be2 Nh6 9. Nbd2 Ne7 10. a4 c5 11. Nb3 c4 12. Nc5 Bxc5 13. dxc5 Nc6 14. Be3 Ng4 15. Bd4 Nxd4 16. Qxd4 Rc8 17. h3 Nh6 18. O-O Qc7 19. Qf2 Qxc5 20. Nd4 Be4 21. Bxh5 Nf5 22. Bg4 Bd3 23. Bxf5 Bxf1 24. Bxe6 fxe6 25. Rxf1 O-O 26. Kh2 Rf7 27. Qg3 Qb6 28. Qg4 Qxb2 29. Qxe6 Rf8 30. Nf5 Qxc3 31. Ne7+ Kh8 32. Ng6+ Kg8 33. Nxf8 Kxf8 34. Qc8+ Ke7 35. Qxb7+ Kf8 36. Qc8+ Ke7 37. e6 Rf6 38. Qd7+ Kf8 39. e7+ 1-0


[Site "https://www.chess.com"]

[Event "Titled Tuesday Blitz January 03 Late 2023"]
[White "Klose, Eli"]
[Black "Horcajuelo Rocamora, Martin"]
[WhiteFideId "16242955"]
[BlackFideId "24573027"]
[WhiteElo "1519"]
[BlackElo "2107"]
[Result "1-0"]
[Round "08"]
[TimeControl "180+2"]
[Date "2023.01.03"]
[WhiteClock "0:01:25"]
[BlackClock "0:00:34"]

1. e4 e5 2. Nf3 Nc6 3. d4 exd4 4. Bc4 Bc5 5. Ng5 d5 6. Bxd5 Nh6 7. Nxf7 Nxf7 8. Bxf7+ Kxf7 9. Qh5+ g6 10. Qxc5 Re8 11. Nd2 Re5 12. Qa3 Kg7 13. O-O Rh5 14. Qg3 Qg5 15. Qxc7+ Qe7 16. Qxe7+ Nxe7 17. Nf3 Nc6 18. h3 Rc5 19. Rd1 Rxc2 20. Nxd4 Nxd4 21. Rxd4 Be6 22. b3 Rac8 23. Be3 Kf7 24. Ra4 a6 25. Rd1 Re2 26. Rd6 Rcc2 27. Rb6 Rc7 28. Rab4 Bc8 29. a4 Re1+ 30. Kh2 Re2 31. Rd4 Rc3 32. b4 Ra2 33. a5 Rb2 34. Rd8 Rc4 35. Bc5 Be6 36. Rf8+ Kg7 37. Rxb7+ Kh6 38. Be3+ g5 39. Rf6+ 1-0


[Site "https://www.chess.com"]

[Event "Titled Tuesday Blitz January 03 Late 2023"]
[White "Paspuel, Trosky"]
[Black "Al-Tarboush, Ward"]
[WhiteFideId "3602150"]
[BlackFideId "7601450"]
[WhiteElo "1721"]
[BlackElo "2256"]
[Result "0-1"]
[Round "08"]
[TimeControl "180+2"]
[Date "2023.01.03"]
[WhiteClock "0:00:20"]
[BlackClock "0:01:45"]

1. c4 c5 2. g3 Nc6 3. Bg2 g6 4. Nc3 Bg7 5. a3 a6 6. Rb1 Rb8 7. b4 cxb4 8. axb4 b5 9. cxb5 axb5 10. Nf3 d5 11. d4 Bf5 12. Bf4 Bxb1 13. Bxb8 Be4 14. Be5 Nxe5 15. dxe5 Bxf3 16. Bxf3 e6 17. Qd4 Ne7 18. Nxb5 O-O 19. O-O Nc6 20. Qc5 Nxe5 21. Bg2 Nc4 22. e4 Qf6 23. exd5 exd5 24. Bxd5 Nd2 25. Rd1 Nf3+ 26. Kg2 Ne5 27. Nc3 h5 28. Ne4 Qf3+ 29. Kg1 Qxd1+ 0-1


[Site "https://www.chess.com"]

[Event "Titled Tuesday Blitz January 03 Late 2023"]
[White "Gonzalez, Francisco Silva"]
[Black "Gurevich, Dmitry"]
[WhiteFideId "1512285"]
[BlackFideId "2000407"]
[WhiteElo "2021"]
[BlackElo "2393"]
[Result "1-0"]
[Round "08"]
[TimeControl "180+2"]
[Date "2023.01.03"]
[WhiteClock "0:00:40"]
[BlackClock "0:00:02"]

1. d4 Nf6 2. c4 a6 3. a3 e6 4. Nc3 c5 5. dxc5 Bxc5 6. b4 Ba7 7. Nf3 h6 8. Bb2 d5 9. cxd5 exd5 10. e3 Nc6 11. Na4 O-O 12. Be2 Re8 13. O-O Be6 14. Rc1 Rc8 15. Nc5 Bxc5 16. Rxc5 Ne4 17. Rc1 Qe7 18. Bd3 Bg4 19. Be2 Rcd8 20. Ba1 Bxf3 21. Bxf3 Ne5 22. Re1 Nc4 23. Qd4 f6 24. Bxe4 Qxe4 25. a4 Qxd4 26. Bxd4 b5 27. a5 Rc8 28. h4 h5 29. f3 Kf7 30. Kf2 Nd6 31. Bc5 Nf5 32. Rcd1 Red8 33. g3 Ke6 34. Rd3 Nd6 35. Red1 Nc4 36. e4 Nb2 37. exd5+ Kd7 38. g4 Nxd3+ 39. Rxd3 Re8 40. gxh5 Rh8 41. Kg3 Rxh5 42. Kg4 Re5 43. f4 Re1 44. Kf5 Rh8 45. Rh3 Rh6 46. h5 Re2 47. Rh1 g6+ 48. Kxf6 gxh5+ 49. Kg5 Rh8 50. Rh4 Rg2+ 51. Kf5 Rh7 52. Kf6 Rh6+ 53. Kf7 Rg4 54. Bf2 Rg2 55. Bc5 Rg4 56. Bf2 Kd6 57. Rh1 Rxf4+ 58. Kg7 Rxf2 59. Kxh6 Rf5 60. Rg1 Kxd5 61. Rg6 Kc4 62. Rxa6 Kxb4 63. Kg6 Rd5 64. Ra8 h4 65. a6 Ka5 66. a7 Kb6 67. Kf6 Kb7 68. Rh8 Kxa7 69. Ke6 Rd1 70. Rxh4 Kb6 71. Ke5 Ka5 72. Rh8 b4 73. Ra8+ Kb5 74. Rb8+ Kc4 75. Ke4 Kb3 76. Ke3 Rd7 77. Rc8 Kb2 78. Rh8 b3 79. Rh2+ Ka3 80. Rh8 b2 81. Ra8+ Kb3 82. Rb8+ Kc2 83. Rc8+ Kb1 84. Rb8 1-0


[Site "https://www.chess.com"]

[Event "Titled Tuesday Blitz January 03 Late 2023"]
[White "Broca Jimenez, Fernando"]
[Black "gshwbedhkhd"]
[WhiteFideId "5104742"]
[WhiteElo "2075"]
[BlackElo "2511"]
[Result "1-0"]
[Round "08"]
[TimeControl "180+2"]
[Date "2023.01.03"]
[WhiteClock "0:00:21"]
[BlackClock "0:00:04"]

1. e4 c5 2. Nf3 e6 3. d4 cxd4 4. Nxd4 Nf6 5. Bd3 Nc6 6. Nb3 Be7 7. O-O d5 8. exd5 Nxd5 9. Bd2 O-O 10. Nc3 Ndb4 11. Be4 f5 12. Bf3 e5 13. a3 Na6 14. Bd5+ Kh8 15. Qe2 Bf6 16. Rad1 Nd4 17. Qd3 e4 18. Nxe4 fxe4 19. Bxe4 Nxb3 20. Qxb3 Nc5 21. Qc4 Nxe4 22. Qxe4 Qe8 23. Qb4 Qg6 24. c4 Bg4 25. f3 Bf5 26. Be3 Rfe8 27. Qxb7 Rab8 28. Qxa7 Rxb2 29. Bf2 Bh4 30. g3 Bf6 31. Rfe1 Rbe2 32. Rxe2 Rxe2 33. c5 Bc2 34. Rc1 h6 35. c6 Qd3 36. c7 Re8 37. Qb8 Qg6 38. c8=Q Rxc8 39. Qxc8+ Kh7 40. Qxc2 1-0


[Site "https://www.chess.com"]

[Event "Titled Tuesday Blitz January 03 Late 2023"]
[White "Schmidt, Harald"]
[Black "Weetik, Vjacheslav"]
[WhiteFideId "4648358"]
[BlackFideId "4153472"]
[WhiteElo "2347"]
[BlackElo "2423"]
[Result "1-0"]
[Round "08"]
[TimeControl "180+2"]
[Date "2023.01.03"]
[WhiteClock "0:01:31"]
[BlackClock "0:01:25"]

1. c4 e6 2. Nc3 d5 3. e3 Nf6 4. Nf3 c5 5. cxd5 exd5 6. d4 a6 7. Be2 Nc6 8. O-O Bd6 9. b3 O-O 10. Bb2 Re8 11. Na4 cxd4 12. Nxd4 Ne5 13. Rc1 h5 14. Nc5 Bb8 15. Nd3 Neg4 16. h3 Qd6 17. Nf4 g5 18. hxg4 gxf4 19. exf4 Qxf4 20. g3 Qh6 21. Rxc8 Rxc8 22. Nf5 Qg5 23. f4 1-0


[Site "https://www.chess.com"]

[Event "Titled Tuesday Blitz January 03 Late 2023"]
[White "Suvorov, Alexander"]
[Black "Moreno Perez, Tobias Sebastian"]
[WhiteFideId "12977063"]
[BlackFideId "186716"]
[WhiteElo "2338"]
[BlackElo "2256"]
[Result "0-1"]
[Round "08"]
[TimeControl "180+2"]
[Date "2023.01.03"]
[WhiteClock "0:00:04"]
[BlackClock "0:00:05"]

1. d4 d5 2. c4 c6 3. Nf3 Nf6 4. Nc3 dxc4 5. a4 Bf5 6. e3 e6 7. Bxc4 Bb4 8. O-O O-O 9. Re1 a5 10. Bd2 Bg6 11. Ne5 Nbd7 12. Nxg6 hxg6 13. Ne2 Qe7 14. Bxb4 Qxb4 15. Qb3 Qxb3 16. Bxb3 Rfd8 17. Rac1 e5 18. Nc3 Kf8 19. dxe5 Nxe5 20. Red1 Ke7 21. Kf1 Nd3 22. Rc2 Nc5 23. Rxd8 Rxd8 24. Bc4 Rh8 25. h3 Rh4 26. f4 Nfd7 27. Ke2 g5 28. Kf3 Nb6 29. b3 gxf4 30. exf4 Nxc4 31. bxc4 Nd3 32. Rd2 Nc5 33. Re2+ Kd7 34. Re5 b6 35. Re2 Ne6 36. Rd2+ Kc7 37. Ne2 Rh5 38. Ke3 Nc5 39. Nc3 Rh8 40. g4 Re8+ 41. Kf3 Nb3 42. Rd3 Rd8 43. Rxd8 Kxd8 44. h4 Nd2+ 45. Ke3 Nxc4+ 46. Kd4 Nd6 47. h5 Ke7 48. g5 Nf5+ 49. Ke5 Ne3 50. Ke4 Nc4 51. Ne2 Nd6+ 52. Kf3 b5 53. Nd4 bxa4 54. Nxc6+ Kf8 55. Nxa5 a3 56. Nb3 a2 57. Kg4 Ne4 58. f5 Nd6 59. Kf4 Nb5 60. Ke5 Nc3 61. Na1 Ne2 62. Ke4 Ng3+ 63. Kf4 Nxh5+ 64. Kg4 g6 65. f6 Ke8 66. Nb3 Kd7 67. Na1 Kc6 68. Nb3 Kd5 69. Na1 Kc4 70. Kf3 Kc3 71. Ke4 Kb2 72. Kd5 Kxa1 0-1


[Site "https://www.chess.com"]

[Event "Titled Tuesday Blitz January 03 Late 2023"]
[White "Krsnik Cohar, Ivan Vihor"]
[Black "Kaplan, Avi Harrison"]
[WhiteFideId "14520044"]
[BlackFideId "30934559"]
[WhiteElo "2336"]
[BlackElo "2146"]
[Result "0-1"]
[Round "08"]
[TimeControl "180+2"]
[Date "2023.01.03"]
[WhiteClock "0:02:02"]
[BlackClock "0:01:36"]

1. e4 c5 2. Ne2 d6 3. g3 Nc6 4. Bg2 e5 5. c3 Nf6 6. d4 Qc7 7. O-O Be7 8. h3 O-O 9. Be3 Rd8 10. Na3 a6 11. Rc1 b5 12. f4 Bb7 13. Qe1 Rac8 14. Qf2 c4 15. d5 Nb8 16. Bb6 Qd7 17. Bc7 Qxc7 0-1


[Site "https://www.chess.com"]

[Event "Titled Tuesday Blitz January 03 Late 2023"]
[White "Golubev, Mikhail"]
[Black "Lorenzo De La Riva, Lazaro"]
[WhiteFideId "14100983"]
[BlackFideId "2268809"]
[WhiteElo "2461"]
[BlackElo "2404"]
[Result "1-0"]
[Round "08"]
[TimeControl "180+2"]
[Date "2023.01.03"]
[WhiteClock "0:00:08"]
[BlackClock "0:00:19"]

1. e4 e6 2. d4 d5 3. Nc3 Bb4 4. e5 c5 5. a3 Bxc3+ 6. bxc3 Nc6 7. a4 Qa5 8. Bd2 c4 9. g3 Bd7 10. Bg2 O-O-O 11. Ne2 h5 12. h4 f6 13. exf6 gxf6 14. O-O e5 15. dxe5 fxe5 16. Bg5 Nge7 17. Rb1 Bg4 18. Qd2 Rd7 19. Rb5 Qxa4 20. Rfb1 e4 21. Nd4 Rf8 22. Bxe7 Nxe7 23. Qc1 Qa6 24. Qb2 b6 25. Qb4 Rf6 26. Rc5+ Kd8 27. Rb5 Qc8 28. Ra1 Ke8 29. Qb2 Qc7 30. Qc1 Qe5 31. Qe3 Kf7 32. Rbb1 a5 33. f3 Be6 34. f4 Qc7 35. Qe2 Bg4 36. Qe3 Qc5 37. Kh2 Nf5 38. Nxf5 Rxf5 39. Qxc5 bxc5 40. Rxa5 Rf6 41. Rxc5 Rfd6 42. Rbb5 Kf6 43. Rb8 Bf5 44. Rf8+ Rf7 45. Rxf7+ Kxf7 46. Kg1 Ke6 47. Kf2 Bg4 48. Ke3 Bd1 49. Kd4 Bg4 50. Bf1 Bf3 51. Ra5 Kf5 52. Bh3+ Kf6 53. Ra8 Kf7 54. Ke5 Rb6 55. Ra7+ Kg6 56. Bf5+ Kh6 57. Rh7# 1-0


[Site "https://www.chess.com"]

[Event "Titled Tuesday Blitz January 03 Late 2023"]
[White "Vovk, Orest"]
[Black "Fiorito, Francisco"]
[WhiteFideId "14113490"]
[BlackFideId "180165"]
[WhiteElo "2315"]
[BlackElo "2305"]
[Result "1-0"]
[Round "08"]
[TimeControl "180+2"]
[Date "2023.01.03"]
[WhiteClock "0:00:44"]
[BlackClock "0:01:45"]

1. h4 e5 2. h5 d5 3. h6 Nxh6 4. d4 Ng4 5. f3 Nh6 6. Bxh6 gxh6 7. dxe5 Nc6 8. e4 dxe4 9. Qxd8+ Kxd8 10. Nc3 e3 11. O-O-O+ Bd7 12. Bb5 Nxe5 13. Rh5 c6 14. Rxe5 cxb5 15. Red5 Ke8 16. Rxd7 Bg7 17. Nxb5 Rc8 18. Rxb7 Bf8 19. Nxa7 Ra8 20. Nc6 Rc8 21. Rc7 Ra8 22. Rcd7 Be7 23. Rxe7+ Kf8 24. Rxe3 Rxa2 25. Ra3 1-0


[Site "https://www.chess.com"]

[Event "Titled Tuesday Blitz January 03 Late 2023"]
[White "Pinheiro, Iung Alicio de O."]
[Black "Della Corte, Alessandro"]
[WhiteFideId "2104350"]
[BlackFideId "813540"]
[WhiteElo "2306"]
[BlackElo "2160"]
[Result "0-1"]
[Round "08"]
[TimeControl "180+2"]
[Date "2023.01.03"]
[WhiteClock "0:00:03"]
[BlackClock "0:00:17"]

1. e4 c5 2. Nf3 d6 3. d4 cxd4 4. Nxd4 Nf6 5. Nc3 a6 6. Qd3 g6 7. Bg5 Bg7 8. Be2 O-O 9. O-O-O Nc6 10. Nb3 Be6 11. f4 a5 12. f5 Bd7 13. h4 a4 14. Nd2 a3 15. b3 Ne5 16. Qg3 Rc8 17. h5 Qa5 18. Rh3 Rc5 19. hxg6 fxg6 20. Rdh1 Rfc8 21. Nc4 Nxc4 22. Bxc4+ Rxc4 23. bxc4 Rxc4 24. Qd3 Rxc3 25. Qxc3 Qxc3 26. Rxc3 Nxe4 27. Rc7 Bxf5 28. Be3 Bb2+ 29. Kd1 Nc3+ 30. Rxc3 Bxc3 31. Bd2 Bd4 32. Rh4 e5 33. Bc1 Bc5 34. Ra4 Be4 35. g3 b5 36. Ra5 Bb4 37. Bd2 Bf3+ 38. Kc1 Bxa5 39. Bxa5 h5 40. Bc7 Kf7 41. Bxd6 Ke6 42. Bxa3 g5 43. Kd2 h4 44. gxh4 gxh4 45. Ke3 Bd5 46. Kf2 Kf5 47. Be7 h3 48. Kg3 Bg2 49. a3 Ke4 50. Bd6 Kd5 51. Bb8 e4 52. Bf4 Kc4 53. Be5 Kd5 54. Bf4 Kd4 55. Kf2 Bf3 56. Bg5 h2 57. Bf6+ Kd5 0-1


[Site "https://www.chess.com"]

[Event "Titled Tuesday Blitz January 03 Late 2023"]
[White "Ehlvest, Jaan"]
[Black "Zakarian, David"]
[WhiteFideId "4500016"]
[BlackFideId "13301276"]
[WhiteElo "2530"]
[BlackElo "2306"]
[Result "1-0"]
[Round "08"]
[TimeControl "180+2"]
[Date "2023.01.03"]
[WhiteClock "0:01:36"]
[BlackClock "0:00:59"]

1. c4 Nf6 2. g3 e6 3. Bg2 d5 4. Nf3 Be7 5. O-O O-O 6. Qc2 c6 7. d4 a5 8. Nc3 Na6 9. e4 b6 10. Ne5 Bb7 11. Rd1 Rc8 12. Qe2 Qc7 13. Bf4 Bd6 14. Rac1 Qb8 15. b3 Rfd8 16. exd5 cxd5 17. Nb5 Bxe5 18. Bxe5 Qa8 19. Nd6 Rc6 20. Nxb7 Qxb7 21. Bxf6 gxf6 22. cxd5 exd5 23. Rxc6 Qxc6 24. Qxa6 1-0


[Site "https://www.chess.com"]

[Event "Titled Tuesday Blitz January 03 Late 2023"]
[White "Erzhanov, Arman"]
[Black "Urbina Perez, Juan Antonio"]
[WhiteFideId "4138821"]
[BlackFideId "2217368"]
[WhiteElo "2228"]
[BlackElo "2266"]
[Result "0-1"]
[Round "08"]
[TimeControl "180+2"]
[Date "2023.01.03"]
[WhiteClock "0:00:09"]
[BlackClock "0:00:14"]

1. e4 d5 2. exd5 Qxd5 3. Nf3 Qd8 4. d4 Nf6 5. c4 Bg4 6. Be2 c6 7. O-O g6 8. Be3 Bg7 9. Qb3 Qb6 10. Qxb6 axb6 11. Nc3 O-O 12. h3 Bf5 13. d5 Nbd7 14. Rfd1 Nc5 15. Nd4 Bd7 16. Bf3 Rfc8 17. b3 cxd5 18. Nxd5 Nxd5 19. Bxd5 e6 20. Bf3 Bc6 21. Be2 Ne4 22. Nxc6 bxc6 23. Bd4 Nc3 24. Bxc3 Bxc3 25. Rac1 Be5 26. Rc2 Rd8 27. Kf1 Rxd1+ 28. Bxd1 Rd8 29. Bf3 c5 30. Ke2 Rd7 31. a3 Ra7 32. Ra2 Bc3 33. Bc6 Rc7 34. Ba4 Kf8 35. Kd3 Bd4 36. b4 e5 37. f3 Ke7 38. g4 f5 39. gxf5 gxf5 40. Rg2 Kf6 41. Bb3 Re7 42. b5 e4+ 43. fxe4 fxe4+ 44. Ke2 Kf5 45. Bc2 Ra7 46. a4 Re7 47. Rg4 Bf6 48. Ke3 Bg5+ 49. Ke2 h6 50. h4 Kxg4 51. hxg5 hxg5 52. Ke3 Kf5 53. a5 bxa5 54. b6 a4 55. b7 Re8 56. Bxa4 Rb8 57. Bc6 g4 58. Bxe4+ Ke5 59. Bd5 Rf8 60. Bc6 g3 61. Bg2 Kd6 62. Bh3 Kc7 63. Bg2 Rf2 64. Be4 Rb2 65. Kf4 g2 66. Bxg2 Rxg2 67. Ke5 Rd2 68. Ke4 Kxb7 69. Ke3 Rd4 0-1


[Site "https://www.chess.com"]

[Event "Titled Tuesday Blitz January 03 Late 2023"]
[White "Janaszak, Dawid"]
[Black "Estrada Nieto, Julian"]
[WhiteFideId "1119206"]
[BlackFideId "5101018"]
[WhiteElo "2316"]
[BlackElo "2215"]
[Result "1-0"]
[Round "08"]
[TimeControl "180+2"]
[Date "2023.01.03"]
[WhiteClock "0:00:14"]
[BlackClock "0:00:14"]

1. e4 e5 2. Nf3 Nc6 3. d4 exd4 4. Nxd4 Nf6 5. Nxc6 bxc6 6. Nd2 d5 7. exd5 cxd5 8. Bb5+ Bd7 9. Bxd7+ Qxd7 10. O-O Be7 11. b3 O-O 12. Bb2 c5 13. Nf3 Rfe8 14. Qd3 a5 15. Rad1 d4 16. c3 a4 17. cxd4 axb3 18. axb3 cxd4 19. Qxd4 Qxd4 20. Bxd4 Reb8 21. Rb1 Nd5 22. Rfd1 Nb4 23. g3 f6 24. Rdc1 Rb7 25. Re1 Kf7 26. Kg2 Rab8 27. Nd2 Nd5 28. Rec1 Bb4 29. Ne4 h6 30. Bc5 Kg6 31. h4 Bxc5 32. Nxc5 Rb5 33. Rc4 h5 34. Rbc1 Ne7 35. Ra1 Rc8 36. Ra7 Rcxc5 37. Rxe7 Rxc4 38. bxc4 Rc5 39. Re4 Kf5 40. Kf3 g5 41. hxg5 fxg5 42. Ke3 g4 43. Rd4 Re5+ 44. Kd3 Ra5 45. Rd5+ Rxd5+ 46. cxd5 Ke5 47. Kc4 Kd6 48. Kd4 Kd7 49. Ke5 Ke7 50. Kf5 Kd6 51. Kg5 Kxd5 52. Kxh5 1-0


[Site "https://www.chess.com"]

[Event "Titled Tuesday Blitz January 03 Late 2023"]
[White "Egorov, Evgeny"]
[Black "Seletsky, Grigory"]
[WhiteFideId "13700421"]
[BlackFideId "14112191"]
[WhiteElo "2294"]
[BlackElo "2259"]
[Result "1/2-1/2"]
[Round "08"]
[TimeControl "180+2"]
[Date "2023.01.03"]
[WhiteClock "0:00:17"]
[BlackClock "0:00:16"]

1. e4 e6 2. d4 d5 3. e5 c5 4. c3 Nc6 5. Nf3 Bd7 6. Be2 Rc8 7. O-O Nh6 8. Bxh6 gxh6 9. Na3 a6 10. Nc2 cxd4 11. cxd4 Bg7 12. Ne3 O-O 13. Qd2 f5 14. exf6 Qxf6 15. Nc2 Be8 16. Rad1 Bh5 17. a3 Bg6 18. Ne3 Qf4 19. b4 Kh8 20. a4 Be4 21. b5 Bxf3 22. bxc6 Bxe2 23. cxb7 Bxf1 24. bxc8=Q Rxc8 25. Rxf1 Qxd4 26. Qe2 Qxa4 27. g3 Qb5 28. Qg4 Re8 29. Rc1 d4 30. Rc7 Qg5 31. h4 Qxg4 32. Nxg4 Rd8 33. Rc6 h5 34. Nh2 d3 35. Nf3 Bh6 36. Rxe6 d2 37. Nxd2 Bxd2 38. Rxa6 Rd5 39. Kg2 Rf5 40. f4 Rc5 41. Rd6 Bc3 42. Kf3 Bb2 43. Ke4 Kg8 44. Rd8+ Kf7 45. Rd7+ Kg6 46. Rd6+ Bf6 47. Rd3 Rc4+ 48. Kf3 Rc3 49. Rxc3 Bxc3 50. g4 Be1 51. gxh5+ Kxh5 52. f5 Kxh4 53. Kg2 Bc3 54. f6 Bxf6 55. Kh1 Kg3 56. Kg1 h5 57. Kh1 h4 58. Kg1 h3 59. Kh1 Be5 60. Kg1 Kf3 61. Kh1 Kg3 62. Kg1 h2+ 63. Kh1 Kh3 1/2-1/2


[Site "https://www.chess.com"]